 Dungeon Crawl Stone Soup version 0.28-a0-10-g964c8b829e (webtiles) character file.

Game seed: 6061570664912419774

89390 quinnr the Cloud Mage (level 15, -19/90 HPs)
             Began as a Tengu Air Elementalist on July 25, 2021.
             Was a High Priest of Vehumet.
             Killed from afar by a salamander mystic (28 damage)
             ... with a lance of force
             ... on level 2 of the Snake Pit.
             The game lasted 01:42:08 (43946 turns).

quinnr the Cloud Mage (Tengu Air Elementalist)     Turns: 43946, Time: 01:42:09

Health: -19/90     AC:  9    Str: 14    XL:     15   Next: 97%
Magic:  3/29       EV: 20    Int: 21    God:    Vehumet [*****.]
Gold:   904        SH: 10    Dex: 14    Spells: 14/33 levels left

rFire   . . .      SeeInvis .   Z - staff of air
rCold   + + .      Faith    .   P - +0 buckler
rNeg    . . .      Spirit   .   x - +2 robe {rC+}
rPois   +          Reflect  +   c - +1 hat
rElec   +          Harm     .   I - +0 cloak
rCorr   .          Rampage  .   y - +1 pair of gloves {archery}
Will    +....                   (boots unavailable)
Stlth   +++.......              n - amulet of reflection
HPRegen 0.25/turn               m - ring "Baupti" {Wiz Contam rC+ Str+4}
MPRegen 0.21/turn               H - ring of poison resistance

@: flying quickly and evasively, studying Armour, quick
A: beak, talons 3, nimble flight
a: Renounce Religion


You were on level 2 of the Snake Pit.
You worshipped Vehumet.
Vehumet was extremely pleased with you.
You visited 4 branches of the dungeon, and saw 21 of its levels.
You also visited: Sewer.

You collected 2046 gold pieces.
You spent 1142 gold pieces at shops.

Inventory:

Hand Weapons
 v - a +1 dagger of flaming
 w - a +1 dagger of speed
 X - the +12 quarterstaff "Qucapreu" {vorpal, Fly rPois rC+++ Int-5 Dex-2}
   (You found it on level 5 of the Lair of Beasts)

   It inflicts extra damage upon your enemies.
   Int:       It affects your intelligence (-5).
   Dex:       It affects your dexterity (-2).
   rC:        It renders you almost immune to cold.
   rPois:     It protects you from poison.
   Fly:       It grants you flight.
Missiles
 b - 6 atropa-tipped darts
 e - 37 poisoned darts
 g - 7 datura-tipped darts
 C - 5 throwing nets
Armour
 c - a +1 hat (worn)
 x - a +2 robe of cold resistance (worn)
 y - a +1 pair of gloves of archery (worn)
 G - the +0 scale mail "Make" {Will+ Str+4 Dex-2 Stlth+}
   (You found it on level 7 of the Dungeon)

   Str:       It affects your strength (+4).
   Dex:       It affects your dexterity (-2).
   Will:      It increases your willpower.
   Stlth:     It makes you more stealthy.
 I - a +0 cloak (worn)
 O - a +2 pair of gloves
 P - a +0 buckler (worn)
Magical Staves
 j - a staff of poison
 t - a staff of fire
 Z - a staff of air (weapon)
Jewellery
 i - a +4 ring of evasion
 m - the ring "Baupti" (left hand) {Wiz Contam rC+ Str+4}
   (You acquired it on level 6 of the Lair of Beasts)

   [ring of wizardry]

   It improves your spell success rate.
   Str:       It affects your strength (+4).
   rC:        It protects you from cold.
   Contam:    It causes magical contamination when unequipped.
 n - an amulet of reflection (around neck)
 q - a ring of fire
 s - a ring of protection from fire
 H - a ring of poison resistance (right hand)
 V - a ring of positive energy
Wands
 l - a wand of mindburst (17)
 J - a wand of charming (9)
 Q - a wand of flame (45)
Scrolls
 k - 6 scrolls of teleportation
 o - 2 scrolls of fog
 p - 4 scrolls of enchant weapon
 A - 4 scrolls of immolation
 D - 2 scrolls of torment
 F - a scroll of identify
 M - 3 scrolls of amnesia
 N - a scroll of brand weapon
 S - a scroll of silence
 T - a scroll of magic mapping
 U - 2 scrolls of vulnerability
Potions
 d - 3 potions of resistance
 f - 4 potions of curing
 h - a potion of cancellation
 r - 5 potions of haste
 u - 4 potions of might
 z - a potion of mutation
 B - a potion of attraction
 E - 3 potions of lignification
 R - 2 potions of degeneration
 Y - a potion of invisibility
Miscellaneous
 a - a condenser vane (inert)
 W - a piece from Xom's chessboard (15/15)


   Skills:
 - Level 9.0 Fighting
 - Level 4.0 Staves
 - Level 2.0 Throwing
 - Level 6.0 Armour
 - Level 10.0 Dodging
 - Level 7.0 Stealth
 - Level 4.0 Shields
 + Level 9.5 Spellcasting
 + Level 4.6 Conjurations
 - Level 23.3 Air Magic
 - Level 6.0 Evocations


You had 14 spell levels left.
You knew the following spells:

 Your Spells              Type           Power      Damage    Failure   Level
a - Shock                 Conj/Air       100%       1d9       0%          1
b - Airstrike             Air            52%        N/A       0%          4
c - Ignite Poison         Fire/Tmut/Pois 9%         N/A       2%          3
d - Conjure Ball Lightni  Conj/Air       40%        3x3d13    1%          6
e - Lightning Bolt        Conj/Air       40%        1d59      1%          5

Your spell library contained the following spells:

 Spells                   Type           Power      Damage    Failure   Level
 Swiftness                Air            100%       N/A       0%          3
 Foxfire                  Conj/Fire      76%        2x1d7     1%          1
 Corpse Rot               Necr/Air       N/A        N/A       1%          2
 Static Discharge         Conj/Air       80%        N/A       1%          2
 Conjure Flame            Conj/Fire      19%        6-21      1%          3
 Stone Arrow              Conj/Erth      38%        3d9       1%          3
 Animate Skeleton         Necr           18%        N/A       2%          1
 Apportation              Tloc           18%        N/A       2%          1
 Corona                   Hex            10%        N/A       2%          1
 Summon Small Mammal      Summ           36%        N/A       2%          1
 Inner Flame              Hex/Fire       9%         N/A       2%          3
 Fulminant Prism          Conj/Hex       9%         3d7       3%          4
 Iskenderun's Mystic Bla  Conj/Tloc      19%        2d6       3%          4
 Call Canine Familiar     Summ           9%         N/A       9%          3
 Confusing Touch          Hex            9%         N/A       9%          3
 Gell's Gravitas          Tloc           4%         N/A       9%          3
 Ozocubu's Armour         Ice            9%         N/A       9%          3
 Portal Projectile        Hex/Tloc       18%        N/A       9%          3
 Teleport Other           Tloc           9%         N/A       9%          3
 Lee's Rapid Deconstruct  Erth           4%         3d6*      19%         5
 Animate Armour           Summ/Erth      18%        N/A       26%         4
 Dispel Undead            Necr           9%         3d8       26%         4
 Leda's Liquefaction      Hex/Erth       4%         N/A       26%         4
 Summon Forest            Summ/Tloc      4%         N/A       56%         5
 Summon Mana Viper        Hex/Summ       9%         N/A       56%         5
 Death Channel            Necr           4%         N/A       98%         6
 Dispersal                Tloc           4%         N/A       98%         6
 Shadow Creatures         Summ           N/A        N/A       98%         6
 Ozocubu's Refrigeration  Ice            4%         4d5       98%         7
 Discord                  Hex            4%         N/A       100%        8
 Disjunction              Tloc           4%         N/A       100%        8
 Lehudib's Crystal Spear  Conj/Erth      9%         10d4      100%        8


Dungeon Overview and Level Annotations

Branches:
Dungeon (11/15)            Temple (0/1) D:6            Lair (6/6) D:10
  Swamp (0/4) Lair:3        Snake (2/4) Lair:3        Slime (0/5) Lair:5
    Orc (2/2) D:9             Elf (0/3) Orc:2         Sewer (visited)

Altars:
Dithmenos
Elyvilon
Hepliaklqana
Nemelex Xobeh
Qazlal
Trog
Vehumet
Xom
Beogh

Shops:
Orc:1 ?   Orc:2 (:[(**


Innate Abilities, Weirdness & Mutations

You have a beak for a mouth.
You have claws for feet.
Your magical nature lets you fly swiftly and evasively.


Message History

The shock serpent is heavily wounded.
The shock serpent's electric aura discharges, shocking you!
You resist.
* * * LOW HITPOINT WARNING * * *
The shock serpent misses you.
Unknown command.
Unknown command.
Aiming: Charm
Press: ? - help, Shift-Dir - straight line, f/p - shock serpent
Aim: a shock serpent (moderately wounded, chance to affect: 47%)
The shock serpent resists with some effort.
The shock serpent shoots out a bolt of lightning at you!
The bolt of electricity misses you. You block the shock serpent's attack.
Unknown command.
Unknown command.
Okay, then.
The shock serpent shoots out a bolt of lightning at you!
The bolt of electricity hits you. You resist.
* * * LOW HITPOINT WARNING * * *
Unknown command.
Clouds of thunder condense around you!
The condenser dries out!
The salamander mystic sizzles in the rain.
You block the shock serpent's attack.
Unknown command.
Press: ? - help, v - describe, . - travel, g - get item Item here: a +0 spear.
The floor.
There is a cloud of thunder here.
Unknown command.
As you read the scroll of fear, it crumbles to dust.
You assume a fearsome visage.
The salamander mystic resists with some effort.
The shock serpent looks frightened!
The salamander mystic sizzles in the rain.
You block the salamander mystic's attack.
Unknown command.
The salamander mystic sizzles in the rain.
The salamander mystic casts a spell at you.
The lance of force hits you!!
You die...

..### #.#### ##......##......#
#.# ##.#..## ##.....##......# #..
###.#....###.#....##......#
#.#####.........##.##..###......#
..#..###.........####### ##.....#
..#..# #..........# ######.#...#
.N..# #§§§.......# ##.....######
#...####§§....N...###..<...##
..#...#.§§§.....@.##........#
...#.S..§§.......#..........#
..#.##....##..##.############
##################


You could see a salamander mystic.

Vanquished Creatures
  Saint Roka (Orc:1)
  An orc warlord (Orc:2)
  The ghost of Tulew the Transmogrifier, a journeyman NaTm of Cheibriados (Lair:3)
  The ghost of Ryamim the Basher, a journeyman GrFi of Okawaru (Lair:6)
  Josephine (Snake:1)
  3 naga warriors
  4 hydras
  A salamander tyrant (Snake:1)
  3 anacondas
  Erolcha (Orc:2)
  3 catoblepae
  A deep troll shaman (Lair:6)
  A centaur warrior (D:10)
  7 death yaks
  4 naga sharpshooters (Snake:1)
  A dancing weapon (Lair:3)
  2 shock serpents (Snake:1)
  Nergalle (Lair:2)
  A sea snake (Snake:2)
  The ghost of Nausicaa the Grappler, a novice TrDe (D:8)
  2 naga ritualists (Snake:1)
  7 orc knights (Orc:2)
  5 mana vipers
  A cyclops (Orc:1)
  An orc sorcerer (Orc:2)
  6 salamanders
  19 elephants
  16 black mambas
  2 torpor snails
  4 naga magi
  13 cane toads
  2 rime drakes
  An efreet (D:10)
  11 komodo dragons
  4 polar bears
  Prince Ribbit (D:7)
  A hornet (D:8)
  20 blink frogs
  13 dream sheep
  A shadow (D:10)
  A vampire (D:8)
  3 wyverns
  43 yaks
  2 steam dragons
  9 wraiths
  3 basilisks
  20 water moccasins
  8 nagas
  An acid dragon (D:5)
  5 wargs
  4 black bears
  2 ice beasts
  38 orc warriors
  A sky beast (D:6)
  7 ogres
  3 centaurs
  16 wolves
  A phantom (D:6)
  A kobold brigand (D:7)
  A gnoll sergeant (D:9)
  17 bullfrogs
  2 scorpions
  A water moccasin zombie (D:5)
  4 killer bees (D:8)
  An electric eel (Lair:2)
  A howler monkey (D:9)
  12 wights
  A bullfrog zombie (D:5)
  4 centaur zombies
  A bullfrog skeleton (D:5)
  3 hounds
  A jelly (D:4)
  Crazy Yiuf (D:7)
  A gnoll shaman (D:7)
  12 orc priests
  A centaur skeleton (D:5)
  4 iguanas
  11 orc wizards
  A killer bee zombie (D:7)
  A hound zombie (D:5)
  11 adders
  19 gnolls
  3 river rats (D:5)
  2 ufetubi (D:5)
  An adder zombie (D:5)
  2 worms
  2 dart slugs
  84 orcs
  4 endoplasms
  12 giant cockroaches
  9 goblins
  8 hobgoblins
  6 jackals
  15 kobolds
  7 quokkas
  15 ball pythons
  6 bats
  7 frilled lizards
  14 rats
645 creatures vanquished.

Vanquished Creatures (collateral kills)
  3 ball lightnings
3 creatures vanquished.

Vanquished Creatures (others)
  A black mamba (Snake:2)
  128 ball lightnings
  57 fungi
  192 plants
  2 withered plants (Lair:6)
380 creatures vanquished.

Grand Total: 1028 creatures vanquished

Notes
Turn   | Place    | Note
-------+----------+-------------------------------------------
     0 | D:1      | quinnr the Tengu Air Elementalist began the quest for the
                  | Orb.
     0 | D:1      | Reached XP level 1. HP: 10/10 MP: 4/4
    36 | D:1      | Found a faded altar of an unknown god.
   400 | D:1      | Reached XP level 2. HP: 4/15 MP: 0/6
   791 | D:1      | Reached skill level 5 in Air Magic
  1081 | D:1      | Reached XP level 3. HP: 19/19 MP: 2/7
  1774 | D:1      | Reached skill level 1 in Fighting
  1955 | D:2      | Reached skill level 6 in Air Magic
  2065 | D:2      | Reached XP level 4. HP: 25/25 MP: 6/8
  2457 | D:3      | Found a glowing drain.
  2461 | Sewer    | Entered a sewer
  2686 | Sewer    | Learned a level 4 spell: Airstrike
  3248 | Sewer    | Noticed a bullfrog
  3249 | Sewer    | Noticed a bullfrog
  3259 | Sewer    | Killed a bullfrog
  3260 | Sewer    | Reached skill level 7 in Air Magic
  3260 | Sewer    | Gained mutation: Your magical nature lets you fly swiftly
                  | and evasively. [Tengu growth]
  3260 | Sewer    | Reached XP level 5. HP: 16/29 MP: 0/9
  3411 | Sewer    | Reached XP level 6. HP: 34/34 MP: 3/11
  4927 | D:4      | Identified a scroll of acquirement
  4927 | D:4      | Acquired a +1 hat
  5006 | D:4      | Reached skill level 8 in Air Magic
  5286 | D:4      | Reached XP level 7. HP: 38/38 MP: 4/12
  5292 | D:4      | Reached skill level 1 in Throwing
  5662 | D:4      | Found a shadowy altar of Dithmenos.
  5662 | D:4      | Found a faded altar of an unknown god.
  5670 | D:4      | Found a sparkling altar of Nemelex Xobeh.
  5672 | D:4      | Found a radiant altar of Vehumet.
  5674 | D:4      | Found a white marble altar of Elyvilon.
  5687 | D:4      | Became a worshipper of Vehumet
  6235 | D:4      | Reached skill level 9 in Air Magic
  6371 | D:5      | Entered Level 5 of the Dungeon
  6955 | D:6      | Reached XP level 8. HP: 44/44 MP: 5/15
  7029 | D:6      | Reached skill level 10 in Air Magic
  7217 | D:6      | Reached * piety under Vehumet
  7217 | D:6      | Offered knowledge of Magic Dart by Vehumet.
  7218 | D:6      | Reached skill level 11 in Air Magic
  7623 | D:6      | Reached skill level 12 in Air Magic
  7745 | D:6      | Acquired a ring of protection from fire
  7837 | D:6      | Found a staircase to the Ecumenical Temple.
  7922 | D:6      | Reached XP level 9. HP: 48/48 MP: 13/16
  8370 | D:5      | Reached skill level 13 in Air Magic
  9017 | D:5      | Reached skill level 14 in Air Magic
  9418 | D:5      | Reached skill level 1 in Armour
 10111 | D:7      | Offered knowledge of Searing Ray by Vehumet.
 10118 | D:7      | Reached ** piety under Vehumet
 11085 | D:7      | Found a runed translucent door.
 11086 | D:7      | Noticed Crazy Yiuf
 11273 | D:7      | Identified the +0 scale mail "Make" {Will+ Str+4 Dex-2
                  | Stlth+}
 11386 | D:7      | Noticed Prince Ribbit
 11398 | D:7      | Killed Prince Ribbit
 11399 | D:7      | Reached XP level 10. HP: 27/56 MP: 4/18
 11807 | D:7      | Killed Crazy Yiuf
 11990 | D:8      | Reached skill level 5 in Spellcasting
 12117 | D:8      | Reached skill level 5 in Armour
 12410 | D:8      | Offered knowledge of Dazzling Flash by Vehumet.
 13215 | D:8      | Reached *** piety under Vehumet
 13299 | D:8      | Found a runed translucent gate.
 13299 | D:8      | Found a runed translucent gate.
 13300 | D:8      | Found a runed translucent gate.
 13318 | D:8      | Noticed Nausicaa's ghost (novice TrDe)
 13656 | D:9      | Found a staircase to the Orcish Mines.
 13696 | D:9      | Reached skill level 1 in Shields
 13832 | D:9      | Reached skill level 15 in Air Magic
 13836 | D:9      | Reached skill level 5 in Fighting
 14085 | D:9      | Offered knowledge of Ignite Poison by Vehumet.
 14308 | D:9      | Got the Compendium of the Aerial Oath
 14336 | D:10     | Entered Level 10 of the Dungeon
 14385 | D:9      | Learned a level 3 spell: Ignite Poison
 14538 | D:10     | Reached XP level 11. HP: 53/63 MP: 12/21
 14548 | D:10     | Reached skill level 16 in Air Magic
 15112 | D:10     | Reached **** piety under Vehumet
 15147 | D:10     | Found a staircase to the Lair.
 15209 | D:10     | Found a stormy altar of Qazlal.
 15358 | D:10     | Found a bloodstained altar of Trog.
 15441 | D:10     | Reached skill level 17 in Air Magic
 15540 | D:10     | Noticed a centaur warrior
 15668 | D:10     | Killed a centaur warrior
 16034 | D:10     | Offered knowledge of Fireball by Vehumet.
 16097 | D:10     | Reached skill level 18 in Air Magic
 16723 | D:11     | Noticed a boulder beetle
 16741 | Lair:1   | Entered Level 1 of the Lair of Beasts
 17904 | Lair:2   | Noticed a six-headed hydra
 17912 | Lair:2   | Killed a six-headed hydra
 17929 | Lair:2   | Reached XP level 12. HP: 68/68 MP: 4/22
 19602 | Lair:2   | Reached skill level 5 in Stealth
 20855 | Lair:3   | Found a runed translucent door.
 20855 | Lair:3   | Found a shimmering altar of Xom.
 20855 | Lair:3   | Noticed Tulew's ghost (journeyman NaTm)
 20859 | Lair:3   | Identified the +11 scythe of Infection {chaos, Contam rF+
                  | rCorr Stlth+}
 20879 | Lair:3   | Noticed Nergalle
 20901 | Lair:2   | Reached skill level 19 in Air Magic
 20987 | Lair:2   | Killed Nergalle
 21225 | Lair:3   | Found a staircase to the Swamp.
 21689 | Lair:3   | Found a staircase to the Snake Pit.
 22842 | Lair:4   | Noticed a six-headed hydra
 23208 | Lair:4   | Reached XP level 13. HP: 76/76 MP: 14/24
 23268 | Lair:4   | Reached skill level 5 in Dodging
 24302 | Lair:4   | Reached skill level 20 in Air Magic
 26105 | Lair:5   | Reached skill level 1 in Evocations
 26698 | Lair:5   | Identified the +12 quarterstaff "Qucapreu" {vorpal, Fly
                  | rPois rC+++ Int-5 Dex-2}
 27099 | Lair:5   | Found a staircase to the Slime Pits.
 27649 | Lair:6   | Entered Level 6 of the Lair of Beasts
 27955 | Lair:6   | HP: 6/76 [komodo dragon (24)]
 27960 | Lair:5   | HP: 5/76 [komodo dragon (16)]
 27961 | Lair:5   | HP: 2/76 [blink frog (3)]
 28597 | Lair:5   | Found a staircase to the Slime Pits.
 29290 | Lair:5   | HP: 2/76 [torpor snail (14)]
 29587 | Lair:6   | Reached skill level 21 in Air Magic
 29851 | Lair:6   | Reached XP level 14. HP: 82/82 MP: 19/25
 29907 | Lair:6   | Reached skill level 5 in Evocations
 31869 | Lair:6   | Reached ***** piety under Vehumet
 31869 | Lair:6   | Offered knowledge of Sticky Flame by Vehumet.
 32150 | Lair:6   | Found a runed translucent door.
 32151 | Lair:6   | Noticed Ryamim's ghost (journeyman GrFi)
 33977 | Lair:6   | Acquired a staff of air
 34070 | Lair:6   | Killed Ryamim's ghost
 34357 | Lair:6   | Acquired the ring "Baupti" {Wiz Contam rC+ Str+4}
 34507 | Orc:1    | Entered Level 1 of the Orcish Mines
 34655 | Orc:1    | Reached skill level 22 in Air Magic
 34776 | Orc:1    | Found Huhouteh's Magic Scroll Emporium.
 34789 | Orc:1    | Bought a scroll of fog for 30 gold pieces
 34789 | Orc:1    | Bought a scroll of torment for 112 gold pieces
 34789 | Orc:1    | Bought a scroll of identify for 30 gold pieces
 34789 | Orc:1    | Bought a scroll of identify for 30 gold pieces
 34789 | Orc:1    | Bought a scroll of teleportation for 45 gold pieces
 34789 | Orc:1    | Bought a scroll of teleportation for 45 gold pieces
 34921 | Orc:2    | Entered Level 2 of the Orcish Mines
 34947 | Orc:2    | Found Sopneog's General Store.
 34949 | Orc:2    | Found Xoafug's Specific Store.
 35184 | Orc:2    | Noticed Erolcha
 35187 | Orc:2    | Killed Erolcha
 35364 | Orc:2    | Noticed Saint Roka
 35987 | Orc:1    | HP: 2/82 [Saint Roka/divine providence (13)]
 37701 | Orc:2    | Noticed an orc warlord
 37709 | Orc:2    | Killed an orc warlord
 37796 | Orc:2    | Reached XP level 15. HP: 40/86 MP: 6/29
 38344 | Orc:2    | Found Azxear's Antique Weapon Boutique.
 38344 | Orc:2    | Found Jitobo Hylye's Book Emporium.
 38358 | Orc:2    | Bought a book of Chaos for 850 gold pieces
 38365 | Orc:2    | Learned a level 6 spell: Conjure Ball Lightning
 38541 | Orc:2    | Found Tosmueti's Weapon Emporium.
 38541 | Orc:2    | Found Paemm's Armour Boutique.
 38608 | Orc:2    | Found a staircase to the Elven Halls.
 38682 | Orc:1    | Found Huhouteh's Magic Scroll Emporium.
 38738 | Orc:1    | Killed Saint Roka
 39160 | Snake:1  | Entered Level 1 of the Snake Pit
 39535 | Snake:1  | Noticed Josephine
 39540 | Snake:1  | Killed Josephine
 40308 | Lair:3   | Killed Tulew's ghost
 40634 | D:8      | Killed Nausicaa's ghost
 41457 | Snake:1  | Found a hazy altar of Hepliaklqana.
 41528 | Snake:1  | Reached skill level 10 in Dodging
 41829 | Snake:1  | Offered knowledge of Lightning Bolt by Vehumet.
 41835 | Snake:1  | Reached skill level 23 in Air Magic
 42988 | Snake:1  | Learned a level 5 spell: Lightning Bolt
 43932 | Snake:2  | HP: 8/90 [shock serpent (4)]
 43933 | Snake:2  | HP: 1/90 [shock serpent (3)]
 43938 | Snake:2  | HP: 7/90 [shock serpent/bolt of electricity (5)]
 43946 | Snake:2  | Killed from afar by a salamander mystic

Illustrated notes

Levels and vault maps discovered:
D:1:      mainiacjoe_arrival_reflecting_pool, layout_loops_ring,
          shapermc_ecumenical_altar_ellora, st_stairs_8, corexii_hall_statues_u
D:2:      layout_rooms, minmay_fractal_squares_gapless_5
D:3:      layout_loops_ring, portal_sewer_entry_a, minmay_snake_closets
D:4:      layout_loops_corners, chequers_temple_overflow_minitemple,
          chequers_serial_rivers_marsh, grunt_decor_arrowhead
D:5:      wad_woods_settlement, layout_basic, minmay_manual_mandibuliform
D:6:      layout_rooms, minmay_temple_entry_statues_pillars
D:7:      layout_loops_ring, hangedman_abyss_or_decor_passed,
          minmay_misc_feat_five, uniq_prince_ribbit1, uniq_crazy_yiuf_cottage
D:8:      layout_basic, gammafunk_ghost_spectres, due_unseen_surprise
D:9:      layout_rooms, orc_0_dummy
D:10:     layout_basic, jmf_multi_god_temple, erik_lair_orcish_takeover,
          st_stairs_5
D:11:     minmay_mutant_horseshoe, layout_basic
Lair:1:   layout_chaotic_city
Lair:2:   layout_big_grid, grunt_megastairs_5, infiniplex_staircase_pool
Lair:3:   layout_loops_ring, swamp_mist, guppyfry_snake_entry_island,
          ebering_ghost_xom, uniq_nergalle
Lair:4:   nzn_winding_woodlands_medium [nzn_winding_woodlands_5x5_closed_star,
          nzn_winding_woodlands_5x15_sidewinder,
          nzn_winding_woodlands_5x5_perimeter, nzn_winding_woodlands_5x5_cross,
          nzn_winding_woodlands_center_triple_pond,
          nzn_winding_woodlands_5x5_default, nzn_winding_woodlands_5x5_default,
          nzn_winding_woodlands_5x15_default,
          nzn_winding_woodlands_5x5_open_star], layout_regular_city
Lair:5:   layout_roguey, slime_dummy, st_stairs_6, serial_bayou_pond_e
Lair:6:   grunt_lair_end_beastmaster, layout_long_grid, gammafunk_ghost_grave,
          grunt_megastairs_2
Snake:1:  layout_gridlike, basic_altar, nicolae_snake_salamander_stairs,
          uniq_josephine
Snake:2:  layout_chambers, nicolae_snake_snakes_in_the_grass,
          serial_bayou_shore_b, serial_bayou_shore_b
Orc:1:    layout_caves, serial_shops, shop
Orc:2:    st_orc_town, layout_diamond_mine, nicolae_specific_store,
          uniq_erolcha, uniq_saint_roka

Skill      XL: |  1  2  3  4  5  6  7  8  9 10 11 12 13 14 15 |
---------------+----------------------------------------------+-----
Air Magic      | 5 6 7 8 9 12 14 15 18 19 21 22 23 | 23.3
Fighting       | 1 2 3 5 7 9 |  9.0
Stealth        | 3 7 |  7.0
Spellcasting   | 3 4 6 7 9 |  9.5
Throwing       | 2 |  2.0
Dodging        | 3 4 8 10 | 10.0
Armour         | 4 6 |  6.0
Shields        | 4 |  4.0
Evocations     | 4 6 |  6.0
Staves         | 4 |  4.0
Conjurations   | 4 |  4.6

Action                   |  1- 3 |  4- 6 |  7- 9 | 10-12 | 13-15 || total
-------------------------+-------+-------+-------+-------+-------++-------
Melee: Unarmed           |     1 |       |       |       |       ||     1
       Staff             |       |     1 |    34 |    73 |    82 ||   190
       Peck              |       |     1 |     5 |    21 |    19 ||    46
       Kick              |       |     1 |    11 |    25 |    33 ||    70
Throw: Dart              |       |       |       |     3 |       ||     3
 Cast: Shock             |    74 |   144 |   262 |   392 |   484 ||  1356
       Airstrike         |       |     6 |    41 |   195 |   487 ||   729
       Ignite Poison     |       |       |       |     1 |     2 ||     3
       Conjure Ball Ligh |       |       |       |       |    56 ||    56
       Lightning Bolt    |       |       |       |       |     1 ||     1
Evoke: Wand              |       |       |       |    10 |    41 ||    51
       Piece from Xom's  |       |       |       |       |     7 ||     7
       Condenser vane    |       |       |       |       |     3 ||     3
  Use: Scroll            |       |    10 |     1 |     3 |    17 ||    31
       Potion            |       |     1 |       |       |     8 ||     9
Armor: Robe              |     1 |     7 |    12 |       |     4 ||    24
       Scale mail        |       |       |       |    98 |    99 ||   197
Dodge: Dodged            |    10 |    60 |    85 |   217 |   289 ||   661
Block: Buckler           |       |       |       |    75 |   167 ||   242
       Reflection        |       |       |       |       |    15 ||    15

Table legend: (Time is in decaauts)
 A = Elapsed time spent in this place.
 B = Non-inter-level travel time spent in this place.
 C = Inter-level travel time spent in this place.
 D = Time resting spent in this place.
 E = Time spent auto-exploring this place.
 F = Levels seen in this place.
 G = Mean time per level.
                   A        B        C        D        E       F      G
               +--------+--------+--------+--------+--------+-----+--------+
         Total |  42485 |  40922 |   1563 |  11551 |  22953 |  22 | 1931.1 |
       Dungeon |  15929 |  15385 |    544 |   3350 |  10164 |  11 | 1448.1 |
          Lair |  18806 |  18105 |    701 |   6283 |   8874 |   6 | 3134.3 |
     Snake Pit |   2695 |   2419 |    276 |    474 |   1512 |   2 | 1347.5 |
  Orcish Mines |   3926 |   3886 |     40 |   1114 |   1858 |   2 | 1963.0 |
         Sewer |   1127 |   1127 |      0 |    328 |    543 |   1 | 1127.0 |
               +--------+--------+--------+--------+--------+-----+--------+

Top non-repeatable levels by time:
  Lair:4: 3930 daAuts
  Lair:6: 3739 daAuts
  Lair:5: 3634 daAuts
  Lair:3: 3174 daAuts
   Orc:2: 2946 daAuts
  Lair:2: 2918 daAuts
     D:5: 2173 daAuts
    D:10: 2153 daAuts
     D:8: 1853 daAuts
     D:1: 1745 daAuts
 Snake:1: 1724 daAuts
     D:7: 1655 daAuts
     D:6: 1488 daAuts
     D:9: 1463 daAuts
  Lair:1: 1409 daAuts
